 Dungeon Crawl Stone Soup version 0.29.0-4-gdea44cf6ec (webtiles) character file.

Game seed: 17121834122250272158

593 qw the Chopper (level 7, 0/40 HPs)
             Began as a Tengu Warper on Aug 28, 2022.
             Was an Initiate of Okawaru.
             Shot with an arrow by a centaur (3 damage)
             ... on level 5 of the Dungeon.
             The game lasted 00:00:33 (4197 turns).

qw the Chopper (Tengu Warper)                       Turns: 4197, Time: 00:00:33

Health: 0/40       AC: 13    Str: 13    XL:     7   Next: 39%
Magic:  11/11      EV:  3    Int: 13    God:    Okawaru [......]
Gold:   158        SH: 10    Dex: 20    Spells: 10/10 levels left

rFire   . . .      SeeInvis .   Y - +0 war axe
rCold   + . .      Faith    .   m - +0 kite shield
rNeg    . . .      Spirit   .   q - +0 plate armour
rPois   .          Reflect  .   (helmet restricted)
rElec   .          Harm     .   o - +1 cloak
rCorr   .          Rampage  .   (no gloves)
Will    .....                   (boots unavailable)
Stlth   ..........              f - amulet of regeneration
HPRegen 0.93/turn               e - +6 ring of dexterity
MPRegen 0.12/turn               k - ring of protection from cold

@: lethally poisoned (0 -> 0), about to teleport, marked, flying quickly and
evasively, quick
A: beak, talons 3, nimble flight
a: Renounce Religion


You were on level 5 of the Dungeon.
You worshipped Okawaru.
Okawaru was noncommittal.
You visited 2 branches of the dungeon, and saw 6 of its levels.

You collected 158 gold pieces.


Innate Abilities, Weirdness & Mutations

You have a beak for a mouth.
You have claws for feet.
Your magical nature lets you fly swiftly and evasively.


   Skills:
 - Level 2.0 Fighting
 + Level 6.2 Axes
 - Level 1.0 Throwing
 - Level 3.1 Armour
 - Level 2.1 Dodging
 - Level 4.5 Shields
 - Level 2.0 Spellcasting
 - Level 2.4 Translocations


You had 10 spell levels left.
You didn't know any spells.
Your spell library contained the following spells:

 Spells                   Type           Power      Damage    Failure   Level
 Blink                    Tloc           14%        N/A       100%        2
 Gell's Gravitas          Tloc           7%         N/A       100%        3
 Lesser Beckoning         Tloc           7%         N/A       100%        3
 Teleport Other           Tloc           7%         N/A       100%        3
 Manifold Assault         Tloc           7%         N/A       100%        5

Inventory:

Hand Weapons
 j - a +0 whip
 Y - a +0 war axe (weapon)
Armour
 m - a +0 kite shield (worn)
 o - a +1 cloak (worn)
 q - a +0 plate armour (worn)
Jewellery
 e - a +6 ring of dexterity (left hand)
 f - an amulet of regeneration (around neck)
 g - a ring of ice
 k - a ring of protection from cold (right hand)
 l - a ring of positive energy
 t - a ring of willpower
Scrolls
 h - a scroll of teleportation
 r - a scroll of identify
Potions
 c - 2 potions of curing
 d - a potion of might {unknown}
 i - a potion of cancellation
 n - a potion of haste
 p - a potion of degeneration {unknown}

Dungeon Overview and Level Annotations

Branches:
Dungeon (5/15)             Temple (1/1) D:4

Altars:
Ashenzari
Cheibriados
Fedhas
Nemelex Xobeh
Okawaru
Qazlal
Ru
Sif Muna
Vehumet
Wu Jian
Yredelemnul
Zin

Annotations:
D:4 2 runed translucent doors, qw's ghost, amateur TeWr
D:5 Menkaure


Message History

You hit the scorpion. Your kick misses the scorpion.
The scorpion is severely wounded.
You hit the iguana. You block the scorpion's attack.
The centaur shoots an arrow.
The arrow hits you.
The iguana bites you but does no damage.
The scorpion stings you.
You are poisoned.
The scorpion poisons you!
Menkaure, Prince of Dust comes into view.
You hit the scorpion.
You claw the scorpion, but do no damage.
The scorpion is severely wounded.
You hit the iguana.
You feel very sick.
The centaur shoots an arrow.
You block the arrow. The iguana barely misses you.
You block the scorpion's attack.
An orc comes into view. It is wielding a +0 short sword.
Menkaure points at you and mumbles some strange words.
Pain shoots through your body!
The scorpion stings you but does no damage.
A gnoll comes into view. It is wielding a +0 whip.
An orc wizard comes into view. It is wielding a +0 dagger.
The iguana bites you.
The orc moves out of view.
You closely miss the scorpion. Your kick misses the scorpion.
The scorpion is severely wounded.
You hit the iguana.
You feel sick.
The centaur shoots an arrow.
The arrow hits you!
The scorpion stings you but does no damage.
You block the iguana's attack.
The gnoll hits you from afar with a +0 spear.
An iguana comes into view.
The centaur shoots an arrow.
The arrow hits you.
4197 ||| READING 2 scrolls of teleportation.
As you read the scroll of teleportation, it crumbles to dust.
You feel strangely unstable.
You feel sick.
The scorpion stings you but does no damage.
The centaur shoots an arrow.
The arrow hits you.
You die...

###...####.##....[.#
#........##.....#...
##.#######....o.# ...
#..# #####.....# ..
######.###..#.###.#.....
#.....<.##...#...###..
#.####..##...#.cgS#g##
#..##...#...g.#
...##....#.@s.#
##.########Ml.# .#
l###.# .# .# ## ## .. #.
.. #.


You could see Menkaure, a centaur, a scorpion, 2 iguanas, an orc wizard, 3
gnolls and an adder.

Vanquished Creatures
  Sigmund (D:2)
  An ogre (D:4)
  A scorpion (D:4)
  A howler monkey (D:4)
  A jelly (D:4)
  An iguana (D:4)
  8 adders
  An ufetubus (D:4)
  5 worms
  2 dart slugs
  2 orcs (D:3)
  4 bats
  14 endoplasms
  2 giant cockroaches
  10 goblins
  8 hobgoblins
  5 jackals
  14 kobolds
  2 quokkas
  9 ball pythons
  3 frilled lizards
  6 rats
101 creatures vanquished.

Vanquished Creatures (others)
  2 plants (D:3)
2 creatures vanquished.

Grand Total: 103 creatures vanquished

Notes
Turn   | Place    | Note
-------+----------+-------------------------------------------
     0 | D:1      | qw the Tengu Warper began the quest for the Orb.
     0 | D:1      | Reached XP level 1. HP: 12/12 MP: 4/4
     0 | D:1      | 0 ||| qw: Version: 0.1-a-89-g26bdef1
     0 | D:1      | 0 ||| qw: Game counter: 1445
     0 | D:1      | 0 ||| qw: Always use a shield: true
     0 | D:1      | 0 ||| qw: God list: Okawaru
     0 | D:1      | 0 ||| qw: Allow faded altars: false
     0 | D:1      | 0 ||| qw: Do Orc after D:15 true
     0 | D:1      | 0 ||| qw: Do second Lair branch before Depths: true
     0 | D:1      | 0 ||| qw: Lair rune preference: random
     0 | D:1      | 0 ||| qw: Plans: Normal
     0 | D:1      | 0 ||| PLANNING D:1-11
    57 | D:1      | 57 ||| Stepping ~*~*~tactically~*~*~ (stealth).
    60 | D:1      | 60 ||| Stepping ~*~*~tactically~*~*~ (stealth).
    66 | D:1      | 66 ||| Stepping ~*~*~tactically~*~*~ (stealth).
    71 | D:1      | 71 ||| Stepping ~*~*~tactically~*~*~ (stealth).
   140 | D:1      | Reached XP level 2. HP: 13/17 MP: 6/6
   216 | D:1      | Reached skill level 3 in Axes
   268 | D:1      | 268 ||| DROPPING +0 club.
   397 | D:1      | 397 ||| Stepping ~*~*~tactically~*~*~ (stealth).
   655 | D:1      | Reached XP level 3. HP: 10/21 MP: 7/7
   810 | D:1      | 810 ||| Stepping ~*~*~tactically~*~*~ (stealth).
   819 | D:1      | 819 ||| Stepping ~*~*~tactically~*~*~ (stealth).
   826 | D:1      | 826 ||| Stepping ~*~*~tactically~*~*~ (stealth).
   829 | D:1      | 829 ||| Stepping ~*~*~tactically~*~*~ (stealth).
   831 | D:1      | 831 ||| Stepping ~*~*~tactically~*~*~ (stealth).
   833 | D:1      | 833 ||| Stepping ~*~*~tactically~*~*~ (stealth).
   881 | D:1      | 881 ||| Stepping ~*~*~tactically~*~*~ (stealth).
   891 | D:1      | 891 ||| Stepping ~*~*~tactically~*~*~ (stealth).
  1097 | D:1      | Reached skill level 4 in Axes
  1474 | D:1      | 1474 ||| UPGRADING to +0 kite shield.
  1479 | D:1      | 1479 ||| UPGRADING to +0 plate armour.
  1489 | D:1      | 1489 ||| DROPPING +0 leather armour.
  1490 | D:1      | 1490 ||| UPGRADING to amulet of regeneration.
  1495 | D:1      | 1495 ||| UPGRADING to +6 ring of dexterity.
  1496 | D:1      | 1496 ||| UPGRADING to ring of protection from cold.
  1497 | D:1      | 1497 ||| READING scroll labelled GANTARGH BONG.
  1498 | D:1      | 1498 ||| READING scroll labelled ICWEADEDAO.
  1499 | D:1      | 1499 ||| READING scroll labelled OPOYMI SARRIDA.
  1500 | D:1      | 1500 ||| READING scroll labelled MIXZAE GOEMUNTOF.
  1501 | D:1      | 1501 ||| READING scroll labelled PIEKHA ESUKI.
  1505 | D:1      | 1505 ||| DROPPING scroll of blinking.
  1538 | D:2      | 1538 ||| STAIRDANCE
  1548 | D:2      | 1548 ||| STAIRDANCE
  1553 | D:1      | Reached skill level 1 in Shields
  1557 | D:2      | 1557 ||| STAIRDANCE
  1565 | D:1      | Reached XP level 4. HP: 25/26 MP: 8/8
  1573 | D:2      | 1573 ||| STAIRDANCE
  1617 | D:2      | Noticed Sigmund
  1627 | D:2      | Killed Sigmund
  1628 | D:2      | Gained mutation: Your magical nature lets you fly swiftly
                  | and evasively. [Tengu growth]
  1628 | D:2      | Reached XP level 5. HP: 26/30 MP: 9/9
  1628 | D:2      | Reached XP level 6. HP: 30/35 MP: 10/10
  1649 | D:2      | Identified the +1 ring mail "Lyavic" {+Inv Str+4}
  1850 | D:2      | 1850 ||| Stepping ~*~*~tactically~*~*~ (stealth).
  2160 | D:2      | 2160 ||| UPGRADING to +1 cloak.
  2165 | D:2      | 2165 ||| READING scroll labelled UCKI QIUXEFO.
  2166 | D:2      | 2166 ||| READING scroll labelled KIVYIR HOOM GIE.
  2167 | D:2      | 2167 ||| DRINKING 2 sedimented white potions.
  2198 | D:2      | 2198 ||| DRINKING 2 glowing pink potions.
  2199 | D:2      | 2199 ||| DROPPING potion of lignification.
  2200 | D:2      | 2200 ||| DROPPING potion of brilliance.
  2238 | D:3      | 2238 ||| SWAPPING to +0 war axe.
  2239 | D:3      | 2239 ||| DROPPING +1 hand axe.
  2612 | D:3      | 2612 ||| Stepping ~*~*~tactically~*~*~ (stealth).
  2657 | D:3      | 2657 ||| Stepping ~*~*~tactically~*~*~ (hiding).
  2926 | D:3      | 2926 ||| Stepping ~*~*~tactically~*~*~ (stealth).
  3087 | D:3      | 3087 ||| DRINKING 2 orange potions.
  3088 | D:3      | 3088 ||| DRINKING 2 yellow potions.
  3089 | D:3      | 3089 ||| DRINKING 2 sedimented cyan potions.
  3090 | D:3      | 3090 ||| DROPPING potion of flight.
  3158 | D:4      | Reached skill level 5 in Axes
  3189 | D:4      | Identified the +1 chain mail of Aggim {+Blink Str+3 Slay-2}
  3497 | D:4      | Reached XP level 7. HP: 31/40 MP: 11/11
  3536 | D:4      | Reached skill level 6 in Axes
  3675 | D:4      | Reached skill level 3 in Armour
  3701 | D:4      | Found a staircase to the Ecumenical Temple.
  3702 | D:4      | 3702 ||| PLANNING TEMPLE
  3702 | D:4      | 3702 ||| DROPPING +1 chain mail of Aggim {+Blink Str+3
                  | Slay-2}.
  3703 | D:4      | 3703 ||| READING scroll labelled JEER KOL SAQ.
  3704 | D:4      | 3704 ||| DRINKING 2 purple potions.
  3711 | Temple   | Entered the Ecumenical Temple
  3718 | Temple   | Became a worshipper of Warmaster Okawaru
  3728 | Temple   | 3728 ||| PLANNING D:1-11
  3759 | D:4      | Found a runed translucent door.
  3760 | D:4      | Noticed qw's ghost (amateur TeWr)
  3930 | D:4      | Found a runed translucent door.
  4113 | D:4      | 4113 ||| READING scroll labelled XAV OSAEDORCHU.
  4114 | D:4      | 4114 ||| READING 2 scrolls of identify.
  4114 | D:4      | 4114 ||| IDENTIFYING blue potion
  4115 | D:4      | 4115 ||| DROPPING potion of attraction.
  4116 | D:4      | 4116 ||| READING 3 scrolls of teleportation.
  4151 | D:5      | Entered Level 5 of the Dungeon
  4194 | D:5      | Noticed Menkaure
  4196 | D:5      | HP: 10/40 [centaur/arrow (7)]
  4196 | D:5      | HP: 3/40 [centaur/arrow (5)]
  4197 | D:5      | 4197 ||| READING 2 scrolls of teleportation.
  4197 | D:5      | Shot with an arrow by a centaur

Levels and vault maps discovered:
D:1:      minmay_arrival_stair_chambers, layout_basic, minmay_pentomino_v4
D:2:      minmay_evil_eye, layout_basic, minmay_misc_feat_cross, uniq_sigmund
D:3:      layout_basic, minmay_misc_feat_secret_circle, st_stairs_5,
          serial_bayou_ford_a, minmay_joined_circles
D:4:      layout_layer_cave, minmay_temple_entry_tees, ebering_ghost_sewer_f,
          minmay_misc_feat_nine_boxes
D:5:      nicolae_BIG_FREAKIN_CUBE, layout_loops_cross, uniq_menkaure
Temple:   hellmonk_temple_two_chambers

Skill      XL: |  1  2  3  4  5  6  7 |
---------------+----------------------+-----
Axes           | 3 4 5 6 |  6.2
Shields        | 1 4 |  4.5
Armour         | 2 3 |  3.1
Fighting       | |  2.0
Throwing       | |  1.0
Dodging        | |  2.1
Spellcasting   | |  2.0
Translocations | |  2.4

Action                   |  1- 3 |  4- 6 |  7- 9 || total
-------------------------+-------+-------+-------++-------
Melee: Hand axe          |    63 |    64 |       ||   127
       Kick              |    13 |    40 |     9 ||    62
       Peck              |    12 |    20 |     4 ||    36
       War axe           |       |    96 |    21 ||   117
Throw: Boomerang         |     7 |       |       ||     7
  Use: Scroll            |     5 |     2 |     5 ||    12
       Potion            |       |     5 |     1 ||     6
Armor: Leather armour    |     8 |       |       ||     8
       Plate armour      |    21 |    97 |     8 ||   126
Dodge: Dodged            |    15 |    15 |     2 ||    32
Block: Kite shield       |    14 |    75 |    15 ||   104

Table legend:
 A = Non-vault XP
 B = Vault XP
 C = Vault XP percentage of total XP
 D = Non-vault monster count
 E = Vault monster count
 F = Vault count percentage of total count
                 A         B        C        D         E       F
            +---------+---------+-------+---------+---------+-------
      Total |     555 |     293 |  34.6 |      77 |      24 |  23.8
            +---------+---------+-------+---------+---------+-------
        D:1 |      88 |       6 |   6.4 |      36 |       3 |   7.7
        D:2 |      42 |     240 |  85.1 |      11 |       4 |  26.7
        D:3 |      36 |      47 |  56.6 |      16 |      17 |  51.5
        D:4 |     389 |       0 |   0.0 |      14 |       0 |   0.0
            +---------+---------+-------+---------+---------+-------
